 Dungeon Crawl Stone Soup version 0.21.2-1-g0862bd2 (webtiles) character file.

63 smallpebble the Shield-Bearer (level 3, 0/34 HPs)
             Began as a Deep Dwarf Fighter on Mar 27, 2019.
             Slain by Grinder (1 damage)
             ... on level 3 of the Dungeon.
             The game lasted 00:12:31 (2058 turns).

smallpebble the Shield-Bearer (Deep Dwarf Fighter)  Turns: 2058, Time: 00:12:33

Health: 0/34       AC:  7    Str: 20    XL:     3   Next: 87%
Magic:  3/3        EV:  7    Int:  3    God:
Gold:   106        SH:  9    Dex: 12    Spells: 2/2 levels left

rFire    . . .     SeeInvis .   a - +0 long sword
rCold    . . .     Gourm    .   c - +0 shield
rNeg     . . .     Faith    .   b - +0 scale mail
rPois    .         Spirit   .   (no helmet)
rElec    .         Reflect  .   (no cloak)
rCorr    .         Harm     .   (no gloves)
MR       .....                  (no boots)
Stlth    ..........             (no amulet)
HPRegen  0.00/turn              q - -5 ring of intelligence
MPRegen  0.08/turn              (no ring)

@: non-regenerating
A: damage resistance, heal wounds, sense surroundings 1, no regeneration
a: Heal Wounds


You were on level 3 of the Dungeon.
You were hungry.

You visited 1 branch of the dungeon, and saw 3 of its levels.

You collected 106 gold pieces.

Inventory:

Hand Weapons
 a - a +0 long sword (weapon)
 m - a +0 rapier
Armour
 b - a +0 scale mail (worn)
 c - a +0 shield (worn)
 i - a +0 ring mail
Jewellery
 g - an uncursed amulet of rage {unknown}
 q - a -5 ring of intelligence (left hand)
Wands
 o - a wand of random effects (23)
Scrolls
 h - 2 scrolls of identify
 k - a scroll of magic mapping
 n - a scroll of fog {unknown}
Potions
 d - 2 potions of might
 e - 2 potions of agility {unknown}
 j - a potion of brilliance {unknown}
 l - 2 potions of degeneration {unknown}
Comestibles
 f - 9 rations


   Skills:
 + Level 3.2 Fighting
 + Level 2.6 Long Blades
 + Level 3.8 Armour
 + Level 4.0 Shields


You had 2 spell levels left.
You didn't know any spells.

Dungeon Overview and Level Annotations

Branches:
Dungeon (3/15)

Altars:
Gozag
Kikubaaqudgha
Nemelex Xobeh

Annotations:
D:3 Grinder


Innate Abilities, Weirdness & Mutations

You are resistant to damage.
You can heal yourself by infusing magical energy.
You passively map a small area around you.
You do not regenerate.


Message History

Pain shoots through your body!
* * * LOW HITPOINT WARNING * * *
Grinder blinks!
Grinder gestures at you. You resist with significant effort.
You can move again.
You closely miss Grinder.
Grinder is lightly wounded.
Grinder hits you but does no damage.
You hit Grinder.
Grinder is moderately wounded.
You block Grinder's attack.
You barely miss Grinder.
Grinder is moderately wounded.
Grinder hits you.
* * * LOW HITPOINT WARNING * * *
Grinder hits you.
* * * LOW HITPOINT WARNING * * *
You writhe in agony.
You die...

, * # , ,, * .## *
,** , ######.. ,, ,
#.....# #.#####
#.....# , *#......
* #.....# #...... *
#.@5..# , #...... ,
#.....#*, , #......
* ** #.....## ,
#...... , ,
+......# , #......
,, #......# #......
, ,, #......#,
*#..>..† * ,,
#......# * #......
#......# #...... *
*
#......#########'#'


You could see Grinder.

Vanquished Creatures
  An adder (D:3)
  2 worms (D:2)
  3 giant cockroaches
  4 goblins
  6 hobgoblins
  7 jackals
  2 kobolds
  A quokka (D:2)
  A ball python (D:2)
  9 bats
  5 frilled lizards
  5 rats
46 creatures vanquished.

Notes
Turn   | Place    | Note
-------+----------+-------------------------------------------
     0 | D:1      | smallpebble the Deep Dwarf Fighter began the quest for the Orb.
     0 | D:1      | Reached XP level 1. HP: 20/20 MP: 1/1
   136 | D:1      | Reached XP level 2. HP: 22/27 MP: 2/2
   662 | D:2      | Reached XP level 3. HP: 20/34 MP: 3/3
  1279 | D:2      | Found an ancient bone altar of Kikubaaqudgha.
  1324 | D:2      | Found a sparkling altar of Nemelex Xobeh.
  1391 | D:2      | Found an opulent altar of Gozag.
  1804 | D:3      | Reached skill level 4 in Shields
  2046 | D:3      | Noticed Grinder
  2051 | D:3      | Paralysed by Grinder for 4 turns
  2058 | D:3      | HP: 1/34 [Grinder (1)]
  2058 | D:3      | Slain by Grinder

Skill      XL: |  1  2  3 |
---------------+----------+-----
Fighting       | 3 |  3.2
Shields        | 4 |  4.0
Long Blades    | |  2.6
Armour         | |  3.8

Action                   || total
-------------------------++-------
Melee: Long sword        ||   166
  Use: Scroll            ||     5
  Eat: Ration            ||     1
Armor: Scale mail        ||    95
Dodge: Dodged            ||    56
Block: Shield            ||   109
       Rpst.: Long sword ||    20
